 Dungeon Crawl Stone Soup version 0.29-a0-559-g359e09b9d1 (webtiles) character file.

Game seed: 10890295945534557488

131565 spaghetti the Spry (level 17, -1/199 HPs)
             Began as a Gnoll Wanderer on June 8, 2022.
             Was a High Priest of Cheibriados.
             Succumbed to poison (poison gas)
             ... on level 3 of the Swamp on June 9, 2022.
             The game lasted 01:10:39 (37958 turns).

spaghetti the Spry (Gnoll Wanderer)                Turns: 37958, Time: 01:10:39

Health: -1/199     AC: 33    Str: 30    XL:     17   Next: 10%
Magic:  32/32      EV: 24    Int: 33    God:    Cheibriados [*****.]
Gold:   290        SH: 21    Dex: 30    Spells: 5/38 levels left

rFire   + + .      SeeInvis .   a - +7 spear of Mastery {flame, rElec rN+ rCorr, polearm}
rCold   x . .      Faith    .   Y - +0 tower shield
rNeg    + . .      Spirit   .   s - +2 fire dragon scales
rPois   .          Reflect  .   i - +0 helmet
rElec   +          Harm     .   h - +0 cloak
rCorr   +          Rampage  .   F - +1 pair of gloves of the End {rElec Int+3}
Will    +++..      Rage     50% D - +2 pair of boots "Xokhelu" {rCorr}
Stlth   ..........              L - necklace of Bloodlust {*Rage Will++ Int-3 Slay+6}
HPRegen 0.43/turn               r - +6 ring of intelligence
MPRegen 0.23/turn               R - +4 ring of protection

@: berserking, lethally poisoned (-1 -> -87), studying 3 skills, very slow
A: fangs 1, strong nose, distributed training, iridescent scales 2, thin
skeletal structure 1, subdued magic 1, MP-powered wands
a: Renounce Religion, Bend Time, Temporal Distortion, Slouch, Step From Time


You were on level 3 of the Swamp.
You worshipped Cheibriados.
Cheibriados was extremely pleased with you.
You visited 5 branches of the dungeon, and saw 27 of its levels.

You collected 2425 gold pieces.
You spent 2135 gold pieces at shops.


Innate Abilities, Weirdness & Mutations

You have very sharp teeth.
Your uncanny sense of smell can sniff out nearby items.
Your experience applies equally to all skills.
You are mostly covered in iridescent scales. (AC +4)
You have a somewhat thin skeletal structure. (Dex +2, Stealth+)
Your spells are a little easier to cast, but a little less powerful.
You expend magic power (3 MP) to strengthen your wands.


   Skills:
 + Level 11.7 Fighting
 + Level 11.4 Short Blades
 + Level 11.4 Long Blades
 + Level 11.4 Axes
 + Level 11.4 Maces & Flails
 + Level 11.4 Polearms
 + Level 15.1 Staves
 + Level 11.4 Slings
 + Level 12.2 Bows
 + Level 11.4 Crossbows
 + Level 11.7 Throwing
 + Level 15.1 Armour
 + Level 15.6 Dodging
 + Level 11.4 Stealth
 + Level 11.9 Shields
 + Level 11.4 Unarmed Combat
 + Level 11.4 Spellcasting
 + Level 9.6 Conjurations
 + Level 9.6 Hexes
 + Level 9.6 Summonings
 + Level 9.6 Necromancy
 + Level 9.6 Translocations
 + Level 9.6 Transmutations
 + Level 9.6 Fire Magic
 + Level 9.6 Ice Magic
 + Level 9.6 Air Magic
 + Level 9.6 Earth Magic
 + Level 9.6 Poison Magic
 + Level 12.4 Invocations
 + Level 11.7 Evocations


You had 5 spell levels left.
You knew the following spells:

 Your Spells              Type           Power      Damage    Failure   Level
a - Call Canine Familiar  Summ           59%        N/A       1%          3
b - Portal Projectile     Hex/Tloc       100%       N/A       1%          3
c - Iron Shot             Conj/Erth      29%        9d6       52%         6
d - Flame Wave            Conj/Fire      59%        2d11      3%          4
e - Inner Flame           Hex/Fire       59%        N/A       1%          3
f - Orb of Destruction    Conj           29%        9d9       98%         7
g - Ignite Poison         Fire/Tmut/Pois 59%        N/A       1%          3
h - Olgreb's Toxic Radia  Pois           59%        N/A       3%          4

Your spell library contained the following spells:

 Spells                   Type           Power      Damage    Failure   Level
 Foxfire                  Conj/Fire      100%       2x1d9     1%          1
 Freeze                   Ice            100%       1d11      1%          1
 Shock                    Conj/Air       100%       1d9       1%          1
 Sting                    Tmut/Pois      100%       1d8       1%          1
 Poisonous Vapours        Pois/Air       100%       N/A       1%          2
 Sublimation of Blood     Necr           59%        N/A       1%          2
 Conjure Flame            Conj/Fire      59%        6-21      1%          3
 Dazzling Flash           Conj/Hex       100%       N/A       1%          3
 Frozen Ramparts          Ice            100%       1d12      1%          3
 Anguish                  Hex/Necr       29%        N/A       3%          4
 Hailstorm                Conj/Ice       59%        3d13      3%          4
 Ice Form                 Ice/Tmut       59%        N/A       3%          4
 Leda's Liquefaction      Hex/Erth       29%        N/A       3%          4
 Petrify                  Tmut/Erth      59%        N/A       3%          4
 Sticky Flame             Conj/Fire      59%        2d7       3%          4
 Agony                    Necr           59%        N/A       10%         5
 Irradiate                Conj/Tmut      29%        3d23      10%         5
 Silence                  Hex/Air        29%        N/A       10%         5
 Simulacrum               Ice/Necr       29%        N/A       52%         6
 Enfeeble                 Hex            29%        N/A       98%         7

Inventory:

Hand Weapons
 a - the +7 spear of Mastery (weapon) {flame, rElec rN+ rCorr, polearm}
   (You bought it in a shop on level 2 of the Orcish Mines)

   It burns those it strikes, dealing additional fire damage.
   rElec:     It insulates you from electricity.
   rN:        It protects you from negative energy.
   rCorr:     It protects you from acid and corrosion.
 b - a +1 hunting sling of freezing {sling}
   (You found it on level 12 of the Dungeon)
Missiles
 f - 494 stones (quivered) {throwing}
 o - 10 silver javelins {throwing}
 t - 27 poisoned darts {throwing}
 x - 21 boomerangs {throwing}
 C - 8 silver boomerangs {throwing}
Armour
 h - a +0 cloak (worn)
   (You found it on level 1 of the Dungeon)
 i - a +0 helmet (worn)
   (You found it on level 6 of the Dungeon)
 s - +2 fire dragon scales (worn)
   (You found it on level 14 of the Dungeon)
 D - the +2 pair of boots "Xokhelu" (worn) {rCorr}
   (You found it on level 7 of the Dungeon)

   rCorr:     It protects you from acid and corrosion.
 F - the +1 pair of gloves of the End (worn) {rElec Int+3}
   (You found it on level 7 of the Dungeon)

   Int:       It affects your intelligence (+3).
   rElec:     It insulates you from electricity.
 Y - a +0 tower shield (worn)
   (You took it off Louise on level 15 of the Dungeon)
Jewellery
 g - an amulet of reflection
   (You found it on level 1 of the Dungeon)
 r - a +6 ring of intelligence (left hand)
   (You found it on level 14 of the Dungeon)
 L - the necklace of Bloodlust (around neck) {*Rage Will++ Int-3 Slay+6}
   (You bought it in a shop on level 1 of the Dungeon)

   [amulet of nothing]

   It extends the wearer's berserk rage when killing foes.
   Int:       It affects your intelligence (-3).
   Slay:      It affects your accuracy & damage with ranged weapons and melee
   (+6).
   *Rage:     It berserks you when you make melee attacks (+50% chance).
   Will:      It greatly increases your willpower.
 R - a +4 ring of protection (right hand)
   (You found it on level 13 of the Dungeon)
 U - a ring of ice
   (You took it off Fannar on level 2 of the Lair of Beasts)
Wands
 j - a wand of iceblast (9)
   (You found it on level 3 of the Dungeon)
 u - a wand of paralysis (17)
   (You found it on level 3 of the Dungeon)
 B - a wand of flame (21)
   (You found it on level 8 of the Dungeon)
 J - a wand of mindburst (3)
   (You found it on level 1 of the Lair of Beasts)
 N - a wand of polymorph (21)
   (You found it on level 10 of the Dungeon)
 V - a wand of charming (33)
   (You took it off a tengu conjurer on level 13 of the Dungeon)
Scrolls
 d - 3 scrolls of fog
 l - 8 scrolls of teleportation {@r4}
 p - 7 scrolls of vulnerability {!r!r}
 w - 4 scrolls of immolation {!r!r}
 y - a scroll of magic mapping {!r}
 z - a scroll of blinking {!r}
 K - 3 scrolls of enchant armour
 T - 8 scrolls of identify {@r1}
 X - a scroll of summoning
 Z - a scroll of enchant weapon
Potions
 c - 15 potions of curing {@q1}
 e - a potion of invisibility
 k - a potion of attraction {!q}
 m - 3 potions of magic
 n - 3 potions of might
 q - a potion of haste {@q3}
 v - 3 potions of lignification {!q}
 E - 2 potions of berserk rage {!q}
 G - a potion of haste {forbidden@q3}
 H - 9 potions of ambrosia
 I - a potion of degeneration {!q@e2}
 M - 2 potions of flight
 O - 4 potions of brilliance
 S - 3 potions of cancellation
Miscellaneous
 P - a phantom mirror
   (You found it on level 13 of the Dungeon)
 Q - a lightning rod (4/4)
   (You found it on level 12 of the Dungeon)
 W - a tin of tremorstones (2/2) {throwing}
   (You found it on level 2 of the Lair of Beasts)

Dungeon Overview and Level Annotations

Branches:
Dungeon (15/15)            Temple (1/1) D:4            Lair (5/6) D:8
  Swamp (4/4) Lair:2        Snake (0/4) Lair:4          Orc (2/2) D:9
    Elf (0/3) Orc:2        Vaults (0/5) D:14         Depths (0/4) D:15
  Slime: Lair:5-6

Altars:
Ashenzari
Cheibriados
Dithmenos
Elyvilon
Fedhas
Gozag
Hepliaklqana
Kikubaaqudgha
Makhleb
Nemelex Xobeh
Okawaru
Qazlal
Ru
Sif Muna
Trog
Uskayaw
Vehumet
Wu Jian
Xom
Yredelemnul
Zin
The Shining One

Shops:
D:1 =   D:4 *   D:9 :   Orc:1 :   Orc:2 :*(!*

Portals:
Pandemonium: Orc:2

Annotations:
D:4 3 runed translucent doors, Phlounder's ghost, amateur DjIE
D:6 2 runed translucent doors, nobbins's ghost, novice DrCj
D:8 1 runed translucent door, turdburglar's ghost, novice GnAM
Lair:2 1 exclusion
Lair:3 1 exclusion

.≈≈≈...≈.≈≈≈≈≈.♣ ♣≈≈≈≈≈♣♣...♣
≈≈[♣≈.≈§≈≈..≈≈.♣ ♣≈≈≈≈≈.....
≈≈.≈♣≈.§≈≈≈≈≈≈≈♣ ♣♣≈≈≈♣♣..≈.
≈≈.≈♣♣♣≈≈≈≈≈≈.≈♣♣ ♣♣♣♣≈≈≈♣♣..§≈.
...♣♣♣.§§≈≈≈≈≈..♣♣♣♣.♣♣≈≈♣♣.≈.≈♣♣
..♣♣ ♣...≈≈≈≈≈≈≈.♣♣..≈.≈≈≈≈.(≈.♣
♣♣♣♣♣♣♣♣≈≈≈≈≈≈≈≈.♣♣..≈...♣.♣♣.♣♣
♣♣♣≈≈.♣≈.♣♣≈≈≈°n†♣♣≈..♣♣♣♣♣♣♣♣♣
.♣♣≈≈....♣♣≈≈≈≈≈@§≈...♣
≈♣♣.≈≈......≈≈≈[≈v§♣♣≈♣
♣♣♣≈≈≈..≈.......♣♣♣♣♣♣♣
♣♣♣♣≈..≈...♣♣♣♣♣♣ ..≈♣♣♣♣♣♣≈≈♣♣♣
≈≈≈♣..≈≈≈.≈♣≈♣♣♣♣
..♣.≈.≈≈.≈♣.§≈≈.♣
♣♣♣♣♣....♣≈≈≈≈≈.♣ ♣♣≈.♣...≈≈≈.♣


You could see a will-o-the-wisp and a bog body.


Message History

The necklace of Bloodlust glows a violent red.
You kill the eight-headed hydra!
Cheibriados thoroughly appreciates the change of pace.
The foxfire hits you but does no damage. x2
You block the will-o-the-wisp's attack.
The swamp dragon breathes poison at you.
The blast of poison engulfs you!
You are more poisoned. 😮 HP[-11]
You take 11 damage, and now have 125/199 hp.
Unknown command.
Unknown command.
Unknown command.
You hit the swamp dragon. You burn the swamp dragon.
You are engulfed in poison gas.
You are more poisoned.
You feel very sick. The bog body barely misses you.
The will-o-the-wisp gestures.
The will-o-the-wisp conjures some foxfire!
You block the swamp dragon's attack. The swamp dragon completely misses you.
You block the swamp dragon's attack. 2 foxfires come into view. 😮 HP[-5]
You take 5 damage, and now have 120/199 hp.
Unknown command.
Unknown command.
You puncture the swamp dragon! You burn the swamp dragon.
You are engulfed in poison gas.
You are more poisoned.
You feel very sick. The foxfire hits you. You resist. The foxfire hits you.
You resist.
You block the bog body's attack. 😮 HP[-14]
You take 14 damage, and now have 106/199 hp.
Unknown command.
Unknown command.
Unknown command.
You hit the swamp dragon. You burn the swamp dragon.
Your bite misses the swamp dragon.
You are engulfed in poison gas.
You are more poisoned.
You feel very sick.
The will-o-the-wisp engulfs you but does no damage.
The swamp dragon completely misses you. x2
You block the swamp dragon's attack.
The bog body closely misses you. 😨 HP[-11]
You take 11 damage, and now have 95/199 hp.
Unknown command.
Unknown command.
You puncture the swamp dragon! You burn the swamp dragon.
Your bite misses the swamp dragon.
You are engulfed in poison gas.
You are more poisoned.
* * * LOW HITPOINT WARNING * * *
You feel extremely sick.
The will-o-the-wisp gestures.
The will-o-the-wisp conjures some foxfire!
The swamp dragon misses you. x2; You block the swamp dragon's attack.
The bog body touches you.
* * * LOW HITPOINT WARNING * * *
The bog body freezes you!!!
You feel a terrible chill!
* * * LOW HITPOINT WARNING * * *
2 foxfires come into view. 😱 HP[-47]
You take 47 damage, and now have 48/199 hp.
MASSIVE DAMAGE!! (PAUSE) Unknown command.
Unknown command.
You puncture the swamp dragon! You burn the swamp dragon.
You are engulfed in poison gas.
You are more poisoned.
* * * LOW HITPOINT WARNING * * *
x2 You feel extremely sick.
The foxfire hits you! You resist.
* * * LOW HITPOINT WARNING * * *
The foxfire hits you but does no damage. 😱 HP[-19]
You take 19 damage, and now have 29/199 hp.
Unknown command.
Unknown command.
You closely miss the swamp dragon. Your bite misses the swamp dragon.
You are engulfed in poison gas.
You are more poisoned.
* * * LOW HITPOINT WARNING * * *
x2 You feel extremely sick.
You block the will-o-the-wisp's attack. You block the swamp dragon's attack. x3
You block the bog body's attack. 😱 HP[-14]
You take 14 damage, and now have 15/199 hp.
Unknown command.
Unknown command.
Unknown command.
You puncture the swamp dragon! You burn the swamp dragon.
You bite the swamp dragon.
You kill the swamp dragon!
Cheibriados thoroughly appreciates the change of pace.
You are engulfed in poison gas.
You are more poisoned.
* * * LOW HITPOINT WARNING * * *
You die...

Skill      XL: |  1  2  3  4  5  6  7  8  9 10 11 12 13 14 15 16 |
---------------+-------------------------------------------------+-----
Armour         | 11 12 13 14 15 | 15.1
Invocations    | 1 2 3 4 5 6 7 8 9 10 11 12 | 12.4
Short Blades   | 1 2 3 4 5 6 7 8 9 10 11 | 11.4
Long Blades    | 1 2 3 4 5 6 7 8 9 10 11 | 11.4
Axes           | 1 2 3 4 5 6 7 8 9 10 11 | 11.4
Maces & Flails | 1 2 3 4 5 6 7 8 9 10 11 | 11.4
Polearms       | 1 2 3 4 5 6 7 8 9 10 11 | 11.4
Staves         | 1 2 3 4 6 8 10 11 12 13 15 | 15.1
Slings         | 1 2 3 4 5 6 7 8 9 10 11 | 11.4
Crossbows      | 1 2 3 4 5 6 7 8 9 10 11 | 11.4
Dodging        | 1 2 3 4 6 8 9 10 12 13 14 15 | 15.6
Stealth        | 1 2 3 4 5 6 7 8 9 10 11 | 11.4
Shields        | 1 2 3 4 5 6 7 8 9 10 11 | 11.9
Unarmed Combat | 1 2 3 4 5 6 7 8 9 10 11 | 11.4
Spellcasting   | 1 2 3 4 5 6 7 8 9 10 11 | 11.4
Conjurations   | 1 2 3 4 5 6 7 8 9 |  9.6
Hexes          | 1 2 3 4 5 6 7 8 9 |  9.6
Summonings     | 1 2 3 4 5 6 7 8 9 |  9.6
Necromancy     | 1 2 3 4 5 6 7 8 9 |  9.6
Translocations | 1 2 3 4 5 6 7 8 9 |  9.6
Transmutations | 1 2 3 4 5 6 7 8 9 |  9.6
Fire Magic     | 1 2 3 4 5 6 7 8 9 |  9.6
Ice Magic      | 1 2 3 4 5 6 7 8 9 |  9.6
Air Magic      | 1 2 3 4 5 6 7 8 9 |  9.6
Earth Magic    | 1 2 3 4 5 6 7 8 9 |  9.6
Poison Magic   | 1 2 3 4 5 6 7 8 9 |  9.6
Fighting       | 3 4 5 6 7 8 9 10 11 | 11.7
Throwing       | 3 4 5 6 7 8 9 10 11 | 11.7
Evocations     | 3 4 5 6 7 8 9 10 11 | 11.7
Bows           | 5 6 7 8 9 10 11 12 | 12.2

Action                   |  1- 3 |  4- 6 |  7- 9 | 10-12 | 13-15 | 16-18 || total
-------------------------+-------+-------+-------+-------+-------+-------++-------
Melee: Unarmed           |       |     7 |       |       |       |       ||     7
       Rapier            |       |       |     1 |    79 |    10 |       ||    90
       Bite              |       |       |     1 |    14 |    17 |    33 ||    65
       Shortbow          |       |       |       |     4 |       |       ||     4
       Punch             |       |       |       |    11 |     2 |       ||    13
       Quarterstaff      |       |       |       |       |   117 |    41 ||   158
       Longbow           |       |       |       |       |     1 |       ||     1
       Spear             |       |       |       |       |       |   220 ||   220
 Fire: Shortbow          |   102 |   177 |   374 |   610 |    43 |       ||  1306
       Longbow           |       |       |       |       |   850 |    97 ||   947
       Hunting sling     |       |       |       |       |    17 |    56 ||    73
Throw: Stone             |       |       |       |       |       |    58 ||    58
 Cast: Call Canine Famil |       |     1 |       |     2 |    15 |     4 ||    22
       Portal Projectile |       |       |       |       |     9 |     2 ||    11
       Flame Wave        |       |       |       |       |    15 |       ||    15
       Inner Flame       |       |       |       |       |    33 |     1 ||    34
       Iron Shot         |       |       |       |       |     3 |       ||     3
       Ignite Poison     |       |       |       |       |       |     1 ||     1
Invok: Bend Time         |       |       |     3 |     6 |     1 |       ||    10
       Slouch            |       |       |       |     4 |     4 |     8 ||    16
       Temporal Distorti |       |       |       |     1 |     5 |       ||     6
Evoke: Wand              |     3 |     2 |    14 |    11 |    42 |       ||    72
       Phantom mirror    |       |       |       |       |     5 |       ||     5
       Lightning rod     |       |       |       |       |     3 |       ||     3
       Tin of tremorston |       |       |       |       |     1 |       ||     1
  Use: Potion            |     2 |     2 |       |     3 |     4 |     1 ||    12
       Scroll            |       |    10 |     4 |    11 |     7 |     2 ||    34
 Stab: Paralysed         |       |       |     1 |     9 |     3 |       ||    13
       Sleeping          |       |       |       |       |       |     2 ||     2
Armor: Chain mail        |    94 |       |       |       |       |       ||    94
       Leather armour    |       |    68 |    21 |       |       |       ||    89
       Storm dragon scal |       |       |   195 |   479 |   309 |       ||   983
       Fire dragon scale |       |       |       |       |    82 |   191 ||   273
Dodge: Dodged            |    34 |   102 |   197 |   618 |   853 |   444 ||  2248
Block: Other             |       |    32 |    26 |       |       |       ||    58
       Reflection        |       |       |     1 |       |       |       ||     1
       Buckler           |       |       |       |       |    16 |       ||    16
       Tower shield      |       |       |       |       |       |   353 ||   353

Levels and vault maps discovered:
D:1:      lightli_arrival_chessboard, layout_loops_corners, serial_shops,
          nicolae_shop_behind_doors
D:2:      layout_loops_ring, ebering_ecumenical_altar_hall
D:3:      minmay_recursive_quarters, layout_loops_ring, serial_bayou_crossing
D:4:      layout_loops_cross, kennysheep_little_box, minmay_temple_entry_fiery,
          gammafunk_ghost_split, serial_shops, shop, portal_sewer_entry_a,
          minmay_manual_mandibuliform, uniq_eustachio
D:5:      layout_loops_ring, hangedman_decor_diamond_cutter,
          chequers_serial_rivers_micro_a, hellmonk_bongcloud_opening
D:6:      layout_cave_pools, nemelex_spade_bored_becter,
          ebering_ghost_disaster_area, lightli_corner_chamber
D:7:      layout_loops_corners, lemuel_round_altar, trog_butcher_becter,
          kennysheep_mini, minmay_misc_feat_alley, uniq_duvessa
D:8:      layout_cave_pods, lair_entry_dummy, ebering_ghost_funeral_grove,
          lemuel_flame_loot_1
D:9:      layout_loops_ring, nicolae_gozag_cash_rules_everything_around_me,
          david_orc_3, moated_statue, grunt_decor_mini_mirrors,
          nicolae_shop_self_help
D:10:     layout_basic, fedhas_bush_and_centaur_altar,
          nzn_wu_jian_contemplation, uniq_snorg
D:11:     layout_basic
D:12:     layout_rooms
D:13:     evilmike_diamond_1, layout_basic
D:14:     layout_loops_ring, david_vaults_2, gammafunk_ghost_grave, st_stairs_9,
          lightli_minifort
D:15:     hangedman_depths_entry_try_elsewhere_first, layout_loops_cross,
          minivault_14, portal_ice_cave_entry_ice_statue_one, uniq_louise
Temple:   eino_narrow_crystal_temple
Lair:1:   layout_regular_city, gauntlet_entry_generic, minmay_hedge_maze
Lair:2:   layout_regular_city, palyth_hydra_swamp_entry,
          nicolae_lair_grove_arrangements, lemuel_fruit_tree,
          serial_bayou_shore_a, uniq_fannar, uniq_gastronok
Lair:3:   layout_cave_pods, special_room [special_room_bee],
          lemuel_old_faithful, infiniplex_staircase_pool_2, grunt_megastairs_2,
          uniq_nergalle
Lair:4:   layout_long_grid, minmay_snake_entry_guardpost_medium
Lair:5:   layout_loops_ring
Swamp:1:  layout_basic_swamp, evilmike_swamp_ruin_house_2, swamp_pool5
Swamp:2:  layout_basic_swamp, nicolae_swamp_stair_fork,
          nicolae_swamp_necromancer_hut
Swamp:3:  layout_basic_swamp, evilmike_swamp_ruin_house_6, swamp_pool4
Swamp:4:  grunt_swamp_rune_castle, layout_basic_swamp
Orc:1:    layout_diamond_mine, serial_shops, shop_statue, basic_altar
Orc:2:    pf_orc_diabolical, layout_caves, basic_altar, serial_shops,
          shop_statue

Notes
Turn   | Place    | Note
-------+----------+-------------------------------------------
     0 | D:1      | Reached skill level 10 in Armour
     0 | D:1      | spaghetti the Gnoll Wanderer began the quest for the Orb.
     0 | D:1      | spaghetti set off with the following items: a +0 shortbow
                  | {bow}, a +0 chain mail, a potion of curing {@q1}, a scroll
                  | of fog
     0 | D:1      | Reached XP level 1. HP: 17/17 MP: 1/1
     0 | D:1      | magus.rc [v1.9.6]
    77 | D:1      | HP: 4/17 [constriction (1)]
   488 | D:1      | Found Zoowuu's Jewellery Emporium.
   576 | D:1      | Reached XP level 2. HP: 23/23 MP: 2/2
   680 | D:1      | You fall into a shaft and drop 1 floor!
   764 | D:2      | Reached XP level 3. HP: 19/28 MP: 3/3
   895 | D:2      | Reached skill level 1 in Invocations
  1068 | D:2      | Found a faded altar of an unknown god.
  1069 | D:2      | You add the spells Conjure Flame, Ignite Poison and Sticky
                  | Flame to your library.
  1084 | D:2      | You pick up a book of the Hunter and begin reading...
  1084 | D:2      | You add the spells Call Canine Familiar, Portal Projectile
                  | and Leda's Liquefaction to your library.
  1246 | D:2      | Learned a level 3 spell: Call Canine Familiar
  1290 | D:2      | Reached skill level 1 in Short Blades
  1290 | D:2      | Reached skill level 1 in Long Blades
  1290 | D:2      | Reached skill level 1 in Axes
  1290 | D:2      | Reached skill level 1 in Maces & Flails
  1290 | D:2      | Reached skill level 1 in Polearms
  1290 | D:2      | Reached skill level 1 in Staves
  1290 | D:2      | Reached skill level 1 in Slings
  1290 | D:2      | Reached skill level 1 in Crossbows
  1290 | D:2      | Reached skill level 1 in Dodging
  1290 | D:2      | Reached skill level 1 in Stealth
  1290 | D:2      | Reached skill level 1 in Shields
  1290 | D:2      | Reached skill level 1 in Unarmed Combat
  1290 | D:2      | Reached skill level 1 in Spellcasting
  1368 | D:2      | HP: 4/28 [iguana (6)]
  1369 | D:2      | HP: 1/28 [iguana (4)]
  1375 | D:2      | Reached XP level 4. HP: 9/34 MP: 5/5
  1874 | D:3      | Reached skill level 1 in Conjurations
  1874 | D:3      | Reached skill level 1 in Hexes
  1874 | D:3      | Reached skill level 1 in Summonings
  1874 | D:3      | Reached skill level 1 in Necromancy
  1874 | D:3      | Reached skill level 1 in Translocations
  1874 | D:3      | Reached skill level 1 in Transmutations
  1874 | D:3      | Reached skill level 1 in Fire Magic
  1874 | D:3      | Reached skill level 1 in Ice Magic
  1874 | D:3      | Reached skill level 1 in Air Magic
  1874 | D:3      | Reached skill level 1 in Earth Magic
  1874 | D:3      | Reached skill level 1 in Poison Magic
  1903 | D:3      | Noticed a nameless horror
  1912 | D:3      | Gained mutation: You possess an exceptional clarity of
                  | mind. [potion of mutation]
  1912 | D:3      | Gained mutation: You expend magic power (3 MP) to
                  | strengthen your wands. [potion of mutation]
  1912 | D:3      | Lost mutation: You possess an exceptional clarity of mind.
                  | [potion of mutation]
  1922 | D:3      | HP: 2/34 [nameless horror[miscasting Call Canine Familiar]
                  | (9)]
  1923 | D:3      | Killed a nameless horror
  2247 | D:3      | Reached XP level 5. HP: 33/40 MP: 6/6
  3169 | D:4      | Reached skill level 3 in Fighting
  3169 | D:4      | Reached skill level 3 in Throwing
  3169 | D:4      | Reached skill level 3 in Evocations
  3171 | D:4      | Found a runed translucent gate.
  3171 | D:4      | Found a runed translucent gate.
  3208 | D:4      | Noticed a black bear
  3225 | D:4      | Killed a black bear
  3226 | D:4      | Reached skill level 2 in Invocations
  3226 | D:4      | Reached XP level 6. HP: 34/47 MP: 4/8
  3356 | D:4      | Noticed Phlounder's ghost (amateur DjIE)
  3365 | D:4      | Reached skill level 2 in Short Blades
  3365 | D:4      | Reached skill level 2 in Long Blades
  3365 | D:4      | Reached skill level 2 in Axes
  3365 | D:4      | Reached skill level 2 in Maces & Flails
  3365 | D:4      | Reached skill level 2 in Polearms
  3365 | D:4      | Reached skill level 2 in Staves
  3365 | D:4      | Reached skill level 2 in Slings
  3365 | D:4      | Reached skill level 5 in Bows
  3365 | D:4      | Reached skill level 2 in Crossbows
  3365 | D:4      | Reached skill level 2 in Dodging
  3365 | D:4      | Reached skill level 2 in Stealth
  3365 | D:4      | Reached skill level 2 in Shields
  3365 | D:4      | Reached skill level 2 in Unarmed Combat
  3365 | D:4      | Reached skill level 2 in Spellcasting
  3379 | D:4      | Found a runed translucent gate.
  3663 | D:4      | Found a staircase to the Ecumenical Temple.
  3675 | Temple   | Entered the Ecumenical Temple
  3933 | Temple   | Became a worshipper of Cheibriados the Contemplative
  3966 | D:4      | Found an ancient bone altar of Kikubaaqudgha.
  3972 | D:4      | Found Veeg's Assorted Antiques.
  3980 | D:4      | Bought a scroll labelled EMUSKEPREWEBU for 25 gold pieces
  3980 | D:4      | Bought a scroll of identify for 50 gold pieces
  4088 | D:4      | Noticed Eustachio
  4109 | D:4      | Killed Eustachio
  4110 | D:4      | Reached skill level 2 in Conjurations
  4110 | D:4      | Reached skill level 2 in Hexes
  4110 | D:4      | Reached skill level 2 in Summonings
  4110 | D:4      | Reached skill level 2 in Necromancy
  4110 | D:4      | Reached skill level 2 in Translocations
  4110 | D:4      | Reached skill level 2 in Transmutations
  4110 | D:4      | Reached skill level 2 in Fire Magic
  4110 | D:4      | Reached skill level 2 in Ice Magic
  4110 | D:4      | Reached skill level 2 in Air Magic
  4110 | D:4      | Reached skill level 2 in Earth Magic
  4110 | D:4      | Reached skill level 2 in Poison Magic
  4110 | D:4      | Reached XP level 7. HP: 30/52 MP: 7/10
  4547 | D:5      | Entered Level 5 of the Dungeon
  4596 | D:5      | Reached * piety under Cheibriados
  4597 | D:5      | Reached skill level 3 in Dodging
  4872 | D:5      | Reached skill level 3 in Invocations
  4905 | D:5      | A - +0 storm dragon scales {rare}
  4916 | D:5      | You finish putting on your +0 storm dragon scales {rare}.
  5043 | D:5      | You add the spells Shock, Iron Shot and Orb of Destruction
                  | to your library.
  5043 | D:5      | Got Nelio's Handbook of Confrontation
  5156 | D:5      | Reached skill level 4 in Fighting
  5156 | D:5      | Reached skill level 4 in Throwing
  5156 | D:5      | Reached skill level 4 in Evocations
  5156 | D:5      | Reached XP level 8. HP: 49/60 MP: 8/12
  5302 | D:5      | Reached skill level 3 in Short Blades
  5302 | D:5      | Reached skill level 3 in Long Blades
  5302 | D:5      | Reached skill level 3 in Axes
  5302 | D:5      | Reached skill level 3 in Maces & Flails
  5302 | D:5      | Reached skill level 3 in Polearms
  5302 | D:5      | Reached skill level 3 in Staves
  5302 | D:5      | Reached skill level 3 in Slings
  5302 | D:5      | Reached skill level 3 in Crossbows
  5302 | D:5      | Reached skill level 3 in Stealth
  5302 | D:5      | Reached skill level 3 in Shields
  5302 | D:5      | Reached skill level 3 in Unarmed Combat
  5302 | D:5      | Reached skill level 3 in Spellcasting
  5692 | D:6      | Reached skill level 4 in Dodging
  5868 | D:6      | Noticed a wyvern
  5934 | D:6      | Reached skill level 11 in Armour
  6073 | D:6      | Reached ** piety under Cheibriados
  6074 | D:6      | Reached skill level 4 in Invocations
  6185 | D:6      | Reached skill level 3 in Conjurations
  6185 | D:6      | Reached skill level 3 in Hexes
  6185 | D:6      | Reached skill level 3 in Summonings
  6185 | D:6      | Reached skill level 3 in Necromancy
  6185 | D:6      | Reached skill level 3 in Translocations
  6185 | D:6      | Reached skill level 3 in Transmutations
  6185 | D:6      | Reached skill level 3 in Fire Magic
  6185 | D:6      | Reached skill level 3 in Ice Magic
  6185 | D:6      | Reached skill level 3 in Air Magic
  6185 | D:6      | Reached skill level 3 in Earth Magic
  6185 | D:6      | Reached skill level 3 in Poison Magic
  6193 | D:6      | Reached skill level 6 in Bows
  6193 | D:6      | Reached XP level 9. HP: 26/66 MP: 11/14
  6551 | D:6      | Found a large runed translucent door.
  6552 | D:6      | Found a large runed translucent door.
  6554 | D:6      | Noticed nobbins's ghost (novice DrCj)
  6742 | D:6      | Found a sparkling altar of Nemelex Xobeh.
  6952 | D:6      | Learned a level 3 spell: Portal Projectile
  6979 | D:7      | Reached skill level 5 in Dodging
  7274 | D:7      | Found a glowing silver altar of Zin.
  7315 | D:7      | Reached skill level 4 in Short Blades
  7315 | D:7      | Reached skill level 4 in Long Blades
  7315 | D:7      | Reached skill level 4 in Axes
  7315 | D:7      | Reached skill level 4 in Maces & Flails
  7315 | D:7      | Reached skill level 4 in Polearms
  7315 | D:7      | Reached skill level 4 in Staves
  7315 | D:7      | Reached skill level 4 in Slings
  7315 | D:7      | Reached skill level 4 in Crossbows
  7315 | D:7      | Reached skill level 4 in Stealth
  7315 | D:7      | Reached skill level 4 in Shields
  7315 | D:7      | Reached skill level 4 in Unarmed Combat
  7315 | D:7      | Reached skill level 4 in Spellcasting
  7541 | D:7      | Identified the +2 pair of boots "Xokhelu" {rCorr}
  7547 | D:7      | Identified the +0 scale mail "Humymemn" {rC+}
  7576 | D:7      | You pick up a book of Frost and begin reading...
  7576 | D:7      | You add the spells Freeze, Frozen Ramparts and Hailstorm to
                  | your library.
  7603 | D:7      | Identified the +1 pair of gloves of the End {rElec Int+3}
  7613 | D:7      | Noticed Duvessa
  7613 | D:7      | Noticed Dowan
  7630 | D:7      | Killed Duvessa
  7631 | D:7      | Reached skill level 5 in Fighting
  7631 | D:7      | Reached skill level 5 in Throwing
  7631 | D:7      | Reached skill level 5 in Evocations
  7633 | D:7      | Killed Dowan
  7904 | D:7      | Found a hide-covered altar of Uskayaw.
  8095 | D:7      | Found a bloodstained altar of Trog.
  8206 | D:7      | Reached skill level 6 in Dodging
  8481 | D:7      | Reached skill level 5 in Invocations
  8877 | D:8      | Reached *** piety under Cheibriados
  8976 | D:8      | Reached XP level 10. HP: 41/74 MP: 13/17
  9276 | D:8      | Reached skill level 4 in Conjurations
  9276 | D:8      | Reached skill level 4 in Hexes
  9276 | D:8      | Reached skill level 4 in Summonings
  9276 | D:8      | Reached skill level 4 in Necromancy
  9276 | D:8      | Reached skill level 4 in Translocations
  9276 | D:8      | Reached skill level 4 in Transmutations
  9276 | D:8      | Reached skill level 4 in Fire Magic
  9276 | D:8      | Reached skill level 4 in Ice Magic
  9276 | D:8      | Reached skill level 4 in Air Magic
  9276 | D:8      | Reached skill level 4 in Earth Magic
  9276 | D:8      | Reached skill level 4 in Poison Magic
  9372 | D:8      | Found a runed translucent door.
  9375 | D:8      | Noticed turdburglar's ghost (novice GnAM)
  9377 | D:8      | Identified the +6 spear of Havoc {venom, Will+ Str+6}
  9449 | D:8      | Found a staircase to the Lair.
  9490 | D:8      | Reached skill level 5 in Staves
  9570 | D:8      | Reached skill level 5 in Short Blades
  9570 | D:8      | Reached skill level 5 in Long Blades
  9570 | D:8      | Reached skill level 5 in Axes
  9570 | D:8      | Reached skill level 5 in Maces & Flails
  9570 | D:8      | Reached skill level 5 in Polearms
  9570 | D:8      | Reached skill level 5 in Slings
  9570 | D:8      | Reached skill level 5 in Crossbows
  9570 | D:8      | Reached skill level 5 in Stealth
  9570 | D:8      | Reached skill level 5 in Shields
  9570 | D:8      | Reached skill level 5 in Unarmed Combat
  9570 | D:8      | Reached skill level 5 in Spellcasting
 10301 | D:9      | Reached skill level 7 in Dodging
 10309 | D:9      | Reached skill level 7 in Bows
 10525 | D:9      | Found a staircase to the Orcish Mines.
 11000 | D:9      | Found an opulent altar of Gozag.
 11047 | D:9      | Reached **** piety under Cheibriados
 11057 | D:9      | Reached skill level 6 in Fighting
 11057 | D:9      | Reached skill level 6 in Throwing
 11057 | D:9      | Reached skill level 6 in Evocations
 11103 | D:9      | Found Vaploedd's Self-Improvement Boutique.
 11309 | D:10     | Entered Level 10 of the Dungeon
 11334 | D:9      | Reached skill level 6 in Staves
 11341 | D:9      | HP: 16/76 [orc warrior/+1 dire flail of protection (6)]
 11701 | D:10     | Noticed a gargoyle
 11708 | D:10     | Reached skill level 6 in Invocations
 11710 | D:10     | Killed a gargoyle
 11865 | D:10     | Noticed Snorg
 11876 | D:10     | Killed Snorg
 12016 | D:10     | Lost mutation: You expend magic power (3 MP) to strengthen
                  | your wands. [potion of mutation]
 12016 | D:10     | Gained mutation: You are occasionally teleported next to
                  | monsters. [potion of mutation]
 12017 | D:10     | Lost mutation: You are occasionally teleported next to
                  | monsters. [potion of mutation]
 12017 | D:10     | Gained mutation: You have hidden genetic potential. [potion
                  | of mutation]
 12017 | D:10     | Gained mutation: You are partially covered in iridescent
                  | scales. (AC +2) [potion of mutation]
 12017 | D:10     | Gained mutation: Your spells are a little easier to cast,
                  | but a little less powerful. [potion of mutation]
 12017 | D:10     | Gained mutation: You have a somewhat thin skeletal
                  | structure. (Dex +2, Stealth+) [potion of mutation]
 12203 | D:1      | Bought the necklace of Bloodlust {*Rage Will++ Int-3
                  | Slay+6} for 436 gold pieces
 12203 | D:1      | Found the necklace of Bloodlust {*Rage Will++ Int-3 Slay+6}
 12343 | Lair:1   | Entered Level 1 of the Lair of Beasts
 12344 | Lair:1   | Noticed a four-headed hydra
 12358 | Lair:1   | HP: 19/76 [four-headed hydra (9)]
 12359 | Lair:1   | Killed a four-headed hydra
 12360 | Lair:1   | Reached skill level 8 in Dodging
 12360 | Lair:1   | Reached XP level 11. HP: 21/83 MP: 5/19
 12788 | D:10     | Noticed a two-headed ogre
 12796 | D:10     | Killed a two-headed ogre
 12797 | D:10     | Reached skill level 6 in Short Blades
 12797 | D:10     | Reached skill level 6 in Long Blades
 12797 | D:10     | Reached skill level 6 in Axes
 12797 | D:10     | Reached skill level 6 in Maces & Flails
 12797 | D:10     | Reached skill level 6 in Polearms
 12797 | D:10     | Reached skill level 7 in Staves
 12797 | D:10     | Reached skill level 6 in Slings
 12797 | D:10     | Reached skill level 6 in Crossbows
 12797 | D:10     | Reached skill level 12 in Armour
 12797 | D:10     | Reached skill level 6 in Stealth
 12797 | D:10     | Reached skill level 6 in Shields
 12797 | D:10     | Reached skill level 6 in Unarmed Combat
 12797 | D:10     | Reached skill level 6 in Spellcasting
 12797 | D:10     | Reached skill level 5 in Conjurations
 12797 | D:10     | Reached skill level 5 in Hexes
 12797 | D:10     | Reached skill level 5 in Summonings
 12797 | D:10     | Reached skill level 5 in Necromancy
 12797 | D:10     | Reached skill level 5 in Translocations
 12797 | D:10     | Reached skill level 5 in Transmutations
 12797 | D:10     | Reached skill level 5 in Fire Magic
 12797 | D:10     | Reached skill level 5 in Ice Magic
 12797 | D:10     | Reached skill level 5 in Air Magic
 12797 | D:10     | Reached skill level 5 in Earth Magic
 12797 | D:10     | Reached skill level 5 in Poison Magic
 12866 | D:10     | Found a blossoming altar of Fedhas.
 13579 | D:10     | Found an ornate altar of the Wu Jian Council.
 14004 | D:11     | Noticed a cyclops
 14009 | D:11     | Reached skill level 7 in Invocations
 14011 | D:11     | HP: 19/83 [gargoyle/stone arrow (7)]
 14012 | D:11     | Killed a cyclops
 14013 | D:11     | Reached skill level 7 in Fighting
 14013 | D:11     | Reached skill level 8 in Bows
 14013 | D:11     | Reached skill level 7 in Throwing
 14013 | D:11     | Reached skill level 7 in Evocations
 14023 | D:11     | Gained mutation: You are mostly covered in iridescent
                  | scales. (AC +4) [hidden potential]
 14332 | D:11     | Reached skill level 9 in Dodging
 14409 | D:11     | Reached skill level 8 in Staves
 14416 | D:11     | Learned a level 6 spell: Iron Shot
 14818 | D:11     | You pick up a book of Flames and begin reading...
 14818 | D:11     | You add the spells Foxfire, Inner Flame and Flame Wave to
                  | your library.
 14965 | D:12     | Noticed a two-headed ogre
 14978 | D:11     | Learned a level 4 spell: Flame Wave
 15026 | D:12     | Noticed a two-headed ogre
 15047 | D:11     | Killed a titanic slime creature
 15052 | D:11     | Killed a two-headed ogre
 15053 | D:11     | Reached XP level 12. HP: 91/91 MP: 14/22
 15259 | D:12     | Noticed a two-headed ogre
 15267 | D:12     | Killed a two-headed ogre
 15333 | D:12     | HP: 15/91 [gargoyle/stone arrow (13)]
 15335 | D:12     | HP: 5/91 [gargoyle/stone arrow (11)]
 15339 | D:12     | Reached skill level 7 in Short Blades
 15339 | D:12     | Reached skill level 7 in Long Blades
 15339 | D:12     | Reached skill level 7 in Axes
 15339 | D:12     | Reached skill level 7 in Maces & Flails
 15339 | D:12     | Reached skill level 7 in Polearms
 15339 | D:12     | Reached skill level 7 in Slings
 15339 | D:12     | Reached skill level 7 in Crossbows
 15339 | D:12     | Reached skill level 7 in Stealth
 15339 | D:12     | Reached skill level 7 in Shields
 15339 | D:12     | Reached skill level 7 in Unarmed Combat
 15339 | D:12     | Reached skill level 7 in Spellcasting
 15547 | D:12     | Killed a two-headed ogre
 15654 | D:12     | Reached skill level 9 in Staves
 15775 | D:12     | Reached skill level 10 in Dodging
 15786 | D:12     | Reached skill level 6 in Conjurations
 15786 | D:12     | Reached skill level 6 in Hexes
 15786 | D:12     | Reached skill level 6 in Summonings
 15786 | D:12     | Reached skill level 6 in Necromancy
 15786 | D:12     | Reached skill level 6 in Translocations
 15786 | D:12     | Reached skill level 6 in Transmutations
 15786 | D:12     | Reached skill level 6 in Fire Magic
 15786 | D:12     | Reached skill level 6 in Ice Magic
 15786 | D:12     | Reached skill level 6 in Air Magic
 15786 | D:12     | Reached skill level 6 in Earth Magic
 15786 | D:12     | Reached skill level 6 in Poison Magic
 15999 | D:12     | Gained mutation: You expend magic power (3 MP) to
                  | strengthen your wands. [hidden potential]
 15999 | D:12     | Lost mutation: You have hidden genetic potential. [hidden
                  | potential expressed]
 16048 | D:12     | Reached skill level 8 in Invocations
 16594 | D:12     | Reached skill level 8 in Fighting
 16594 | D:12     | Reached skill level 8 in Throwing
 16594 | D:12     | Reached skill level 8 in Evocations
 16606 | D:12     | Noticed a two-headed ogre
 16609 | D:12     | Killed a two-headed ogre
 16721 | D:13     | Reached skill level 9 in Bows
 17407 | D:13     | Noticed a catoblepas
 17428 | D:13     | Killed a catoblepas
 17429 | D:13     | Reached skill level 10 in Staves
 17670 | D:13     | Noticed a centaur warrior
 17678 | D:13     | Killed a centaur warrior
 17679 | D:13     | Reached XP level 13. HP: 57/99 MP: 24/24
 17698 | D:13     | Reached skill level 11 in Dodging
 17868 | D:13     | Reached skill level 8 in Short Blades
 17868 | D:13     | Reached skill level 8 in Long Blades
 17868 | D:13     | Reached skill level 8 in Axes
 17868 | D:13     | Reached skill level 8 in Maces & Flails
 17868 | D:13     | Reached skill level 8 in Polearms
 17868 | D:13     | Reached skill level 8 in Slings
 17868 | D:13     | Reached skill level 8 in Crossbows
 17868 | D:13     | Reached skill level 13 in Armour
 17868 | D:13     | Reached skill level 8 in Stealth
 17868 | D:13     | Reached skill level 8 in Shields
 17868 | D:13     | Reached skill level 8 in Unarmed Combat
 17868 | D:13     | Reached skill level 8 in Spellcasting
 18110 | D:13     | HP: 23/99 [centaur warrior/arrow (16)]
 18521 | D:13     | Reached skill level 9 in Invocations
 18527 | D:13     | Noticed an ettin
 18538 | D:13     | Killed an ettin
 18987 | D:13     | Reached skill level 7 in Conjurations
 18987 | D:13     | Reached skill level 7 in Hexes
 18987 | D:13     | Reached skill level 7 in Summonings
 18987 | D:13     | Reached skill level 7 in Necromancy
 18987 | D:13     | Reached skill level 7 in Translocations
 18987 | D:13     | Reached skill level 7 in Transmutations
 18987 | D:13     | Reached skill level 7 in Fire Magic
 18987 | D:13     | Reached skill level 7 in Ice Magic
 18987 | D:13     | Reached skill level 7 in Air Magic
 18987 | D:13     | Reached skill level 7 in Earth Magic
 18987 | D:13     | Reached skill level 7 in Poison Magic
 18987 | D:13     | Noticed an ettin
 18991 | D:13     | Learned a level 3 spell: Inner Flame
 18995 | D:13     | HP: 25/100 [ettin/+2 vorpal dire flail (17)]
 19391 | D:13     | Killed an ettin
 19632 | D:13     | Reached skill level 11 in Staves
 19634 | D:13     | Identified the +3 leather armour of Fallacy {Int+2}
 19781 | D:13     | Reached skill level 9 in Fighting
 19781 | D:13     | Reached skill level 9 in Throwing
 19781 | D:13     | Reached skill level 9 in Evocations
 20087 | D:14     | Noticed a yaktaur captain
 20092 | D:14     | Killed a yaktaur captain
 20093 | D:14     | Reached skill level 12 in Dodging
 20496 | D:14     | HP: 24/101 [death knight/+1 glaive of pain (7)]
 20496 | D:14     | HP: 7/101 [death knight/+1 glaive of pain (17)]
 20504 | D:14     | Found a gate to the Vaults.
 20826 | Lair:1   | Reached skill level 10 in Bows
 21023 | Lair:1   | Reached XP level 14. HP: 108/108 MP: 26/26
 21201 | Lair:1   | You pick up a book of Maledictions and begin reading...
 21201 | Lair:1   | You add the spells Anguish and Enfeeble to your library.
 21253 | Lair:1   | You pick up a book of Alchemy and begin reading...
 21253 | Lair:1   | You add the spells Sublimation of Blood, Petrify and
                  | Irradiate to your library.
 21534 | Lair:1   | You fall into a shaft and drop 1 floor!
 21683 | Lair:2   | Noticed Fannar
 21836 | Lair:2   | Killed Fannar
 22344 | Lair:2   | Reached skill level 9 in Short Blades
 22344 | Lair:2   | Reached skill level 9 in Long Blades
 22344 | Lair:2   | Reached skill level 9 in Axes
 22344 | Lair:2   | Reached skill level 9 in Maces & Flails
 22344 | Lair:2   | Reached skill level 9 in Polearms
 22344 | Lair:2   | Reached skill level 9 in Slings
 22344 | Lair:2   | Reached skill level 9 in Crossbows
 22344 | Lair:2   | Reached skill level 9 in Stealth
 22344 | Lair:2   | Reached skill level 9 in Shields
 22344 | Lair:2   | Reached skill level 9 in Unarmed Combat
 22344 | Lair:2   | Reached skill level 9 in Spellcasting
 22352 | Lair:2   | Found a staircase to the Swamp.
 22447 | Lair:2   | You add the spells Sting, Poisonous Vapours and Olgreb's
                  | Toxic Radiance to your library.
 22517 | Lair:2   | Noticed Gastronok
 22530 | Lair:2   | Killed Gastronok
 22798 | Lair:3   | You pick up a book of the Tundra and begin reading...
 22798 | Lair:3   | You add the spells Ice Form and Simulacrum to your library.
 22949 | Lair:3   | Reached ***** piety under Cheibriados
 22967 | Lair:3   | Reached skill level 10 in Invocations
 23320 | Lair:3   | Noticed Nergalle
 23325 | Lair:3   | Killed Nergalle
 23334 | Lair:3   | Reached skill level 12 in Staves
 24665 | Lair:4   | Reached skill level 13 in Dodging
 24986 | Lair:4   | Found a staircase to the Snake Pit.
 25162 | Lair:4   | Reached skill level 8 in Conjurations
 25162 | Lair:4   | Reached skill level 8 in Hexes
 25162 | Lair:4   | Reached skill level 8 in Summonings
 25162 | Lair:4   | Reached skill level 8 in Necromancy
 25162 | Lair:4   | Reached skill level 8 in Translocations
 25162 | Lair:4   | Reached skill level 8 in Transmutations
 25162 | Lair:4   | Reached skill level 8 in Fire Magic
 25162 | Lair:4   | Reached skill level 8 in Ice Magic
 25162 | Lair:4   | Reached skill level 8 in Air Magic
 25162 | Lair:4   | Reached skill level 8 in Earth Magic
 25162 | Lair:4   | Reached skill level 8 in Poison Magic
 25268 | Lair:4   | Reached ****** piety under Cheibriados
 25269 | Lair:4   | Reached skill level 10 in Fighting
 25269 | Lair:4   | Reached skill level 10 in Throwing
 25269 | Lair:4   | Reached skill level 10 in Evocations
 25564 | Lair:4   | Learned a level 7 spell: Orb of Destruction
 26172 | Lair:5   | Reached skill level 14 in Armour
 26644 | D:15     | Entered Level 15 of the Dungeon
 26700 | D:15     | Reached XP level 15. HP: 78/115 MP: 28/28
 26903 | D:15     | HP: 26/115 [something (19)]
 27383 | D:14     | Reached skill level 13 in Staves
 27523 | D:14     | HP: 42/172 [skeletal warrior/+0 hand axe[a death knight]
                  | (5)]
 27534 | D:14     | Reached skill level 11 in Bows
 27912 | D:14     | Reached skill level 10 in Short Blades
 27912 | D:14     | Reached skill level 10 in Long Blades
 27912 | D:14     | Reached skill level 10 in Axes
 27912 | D:14     | Reached skill level 10 in Maces & Flails
 27912 | D:14     | Reached skill level 10 in Polearms
 27912 | D:14     | Reached skill level 10 in Slings
 27912 | D:14     | Reached skill level 10 in Crossbows
 27912 | D:14     | Reached skill level 10 in Stealth
 27912 | D:14     | Reached skill level 10 in Shields
 27912 | D:14     | Reached skill level 10 in Unarmed Combat
 27912 | D:14     | Reached skill level 10 in Spellcasting
 28164 | D:14     | Found a runed translucent door.
 28164 | D:14     | Noticed Mostra's ghost (journeyman DjFE)
 28391 | D:14     | Killed Mostra's ghost
 28401 | D:14     | You finish taking off your +0 storm dragon scales {rare}.
 28773 | D:15     | Reached skill level 11 in Invocations
 29081 | D:15     | Noticed Louise
 29105 | D:15     | Killed Louise
 29109 | D:15     | Reached skill level 14 in Dodging
 29818 | D:15     | Found a staircase to the Depths.
 29947 | Orc:1    | Entered Level 1 of the Orcish Mines
 30113 | Orc:1    | Found Gemachiso's Book Shoppe.
 30238 | Orc:2    | Entered Level 2 of the Orcish Mines
 30388 | Orc:2    | Noticed an orc warlord
 30413 | Orc:1    | Killed an orc warlord
 30744 | Orc:2    | Found a staircase to the Elven Halls.
 31293 | Orc:2    | Found Litemal's General Store.
 31297 | Orc:2    | Found Dewaov's Distillery.
 31732 | Orc:2    | Found Kiakkuf's General Store.
 31852 | Orc:2    | Reached XP level 16. HP: 108/124 MP: 10/30
 31885 | Orc:2    | Reached skill level 14 in Staves
 32038 | Orc:2    | Found Ibiad's Antique Weapon Emporium.
 32038 | Orc:2    | Found Borocku's Book Shoppe.
 32039 | Orc:2    | Found a one-way gate leading to the halls of Pandemonium.
 32115 | Orc:2    | Found a bloodstained altar of Trog.
 32437 | Swamp:1  | Entered Level 1 of the Swamp
 32443 | Swamp:1  | Reached skill level 11 in Fighting
 32443 | Swamp:1  | Reached skill level 11 in Throwing
 32443 | Swamp:1  | Reached skill level 11 in Evocations
 32511 | Swamp:1  | Reached skill level 9 in Conjurations
 32511 | Swamp:1  | Reached skill level 9 in Hexes
 32511 | Swamp:1  | Reached skill level 9 in Summonings
 32511 | Swamp:1  | Reached skill level 9 in Necromancy
 32511 | Swamp:1  | Reached skill level 9 in Translocations
 32511 | Swamp:1  | Reached skill level 9 in Transmutations
 32511 | Swamp:1  | Reached skill level 9 in Fire Magic
 32511 | Swamp:1  | Reached skill level 9 in Ice Magic
 32511 | Swamp:1  | Reached skill level 9 in Air Magic
 32511 | Swamp:1  | Reached skill level 9 in Earth Magic
 32511 | Swamp:1  | Reached skill level 9 in Poison Magic
 32523 | Swamp:1  | Learned a level 3 spell: Ignite Poison
 32528 | Swamp:1  | Learned a level 4 spell: Olgreb's Toxic Radiance
 33478 | Swamp:2  | HP: 24/125 [alligator[a spriggan druid] (14)]
 33478 | Swamp:2  | HP: 6/125 [alligator[a spriggan druid] (6)]
 33854 | Swamp:2  | You pick up a book of Flames and begin reading...
 33923 | Swamp:2  | Noticed a thorn hunter
 33943 | Swamp:2  | Killed a thorn hunter
 34467 | Orc:2    | Bought a jewelled spear for 264 gold pieces
 34467 | Orc:2    | Identified the +7 spear of Mastery {flame, rElec rN+ rCorr}
                  | (You bought it in a shop on level 2 of the Orcish Mines)
 34596 | D:9      | Bought a manual of Shields for 1360 gold pieces
 35141 | Swamp:2  | HP: 15/125 [something (30)]
 35142 | Swamp:2  | Reached skill level 11 in Shields
 35501 | Swamp:1  | Upgraded the game from 0.29-a0-557-g43b9904bd1 to
                  | 0.29-a0-559-g359e09b9d1
 35501 | Swamp:1  | magus.rc [v1.9.6]
 35651 | Swamp:2  | Reached skill level 15 in Dodging
 35782 | Swamp:2  | Reached skill level 11 in Short Blades
 35782 | Swamp:2  | Reached skill level 11 in Long Blades
 35782 | Swamp:2  | Reached skill level 11 in Axes
 35782 | Swamp:2  | Reached skill level 11 in Maces & Flails
 35782 | Swamp:2  | Reached skill level 11 in Polearms
 35782 | Swamp:2  | Reached skill level 11 in Slings
 35782 | Swamp:2  | Reached skill level 11 in Crossbows
 35782 | Swamp:2  | Reached skill level 11 in Stealth
 35782 | Swamp:2  | Reached skill level 11 in Unarmed Combat
 35782 | Swamp:2  | Reached skill level 11 in Spellcasting
 36163 | Swamp:3  | Reached skill level 12 in Invocations
 36190 | Swamp:3  | You pick up a book of the Senses and begin reading...
 36190 | Swamp:3  | You add the spells Dazzling Flash, Agony and Silence to
                  | your library.
 36380 | Swamp:3  | Reached skill level 12 in Bows
 36582 | Swamp:3  | You drop +0 storm dragon scales {rare}.
 36617 | Swamp:3  | Reached skill level 15 in Armour
 37013 | Swamp:4  | Entered Level 4 of the Swamp
 37105 | Swamp:3  | HP: 33/189 [bunyip (21)]
 37470 | Swamp:3  | Reached skill level 15 in Staves
 37475 | Swamp:3  | Reached XP level 17. HP: 132/132 MP: 32/32
 37551 | Swamp:3  | magus.rc [v1.9.6]
 37955 | Swamp:3  | HP: 48/199 [bog body (36)]
 37957 | Swamp:3  | HP: 15/199 [poisoned by a swamp dragon (poison gas)]
 37958 | Swamp:3  | Succumbed to poison (poison gas)

Vanquished Creatures
  Gastronok (Lair:2)
  A thorn hunter (Swamp:2)
  Louise (D:15)
  An orc warlord (Orc:1)
  3 eleionomae
  A dire elephant (D:15)
  The ghost of Mostra the Thaumaturge, a journeyman DjFE of Gozag (D:14)
  5 bunyips
  2 ettins (D:13)
  Snorg (D:10)
  24 hydras
  A yaktaur captain (D:14)
  Fannar (Lair:2)
  A death knight (D:14)
  3 demonspawn (Orc:2)
  4 boulder beetles
  6 two-headed ogres
  2 catoblepae (D:13)
  A tengu warrior (D:13)
  5 alligators
  7 centaur warriors
  A spriggan berserker (Swamp:2)
  8 spriggans
  5 orc high priests
  Nergalle (Lair:3)
  A sun demon (Orc:2)
  6 skeletal warriors
  4 goliath frogs
  6 spriggan druids
  A bunyip zombie (Swamp:2)
  3 swamp dragons (Swamp:3)
  A wizard (D:15)
  6 orc knights
  A phantasmal warrior (D:13)
  12 bog bodies
  2 necromancers
  An ugly thing (D:13)
  9 cyclopes
  A cyclops (shapeshifter) (D:14)
  3 will-o-the-wisps (Swamp:2)
  8 orc sorcerers
  A nameless horror (D:3)
  4 manticores
  An ice statue (D:15)
  A black mamba (Lair:3)
  A torpor snail (Lair:3)
  5 gargoyles
  11 cane toads
  6 komodo dragons
  3 unseen horrors
  A tengu conjurer (D:13)
  An efreet (D:14)
  4 yaktaurs
  An ice devil (Orc:2)
  7 hornets
  6 trolls
  7 tyrant leeches
  8 dream sheep
  13 blink frogs (Lair:4)
  26 slime creatures
  An alligator zombie (Swamp:2)
  A culicivora (shapeshifter) (D:15)
  4 wyverns
  3 water elementals
  3 shadows
  A basilisk (D:15)
  Eustachio (D:4)
  6 wraiths
  A vampire (D:9)
  A yak (shapeshifter) (D:14)
  A chaos spawn (Orc:2)
  25 yaks
  3 steam dragons
  17 vampire mosquitoes
  3 wargs
  7 nagas (Lair:4)
  4 acid dragons
  Duvessa (D:7)
  12 swamp worms
  9 water moccasins
  41 orc warriors
  3 swamp drakes (Swamp:1)
  A sky beast (D:7)
  3 black bears
  2 ice beasts
  A swamp dragon zombie (Swamp:2)
  6 ogres
  8 centaurs
  3 phantoms
  3 kobold brigands
  A gnoll sergeant (D:13)
  15 bullfrogs
  5 scorpions
  8 wights
  Dowan (D:7)
  33 killer bees
  3 electric eels
  6 howler monkeys
  5 jellies
  A hound (D:4)
  27 orc priests
  6 iguanas
  27 orc wizards
  3 gnolls (D:13)
  12 adders
  A shadow imp (D:7)
  A white imp (D:7)
  A worm (D:2)
  3 dart slugs
  95 orcs
  6 ball pythons
  4 endoplasms
  3 giant cockroaches (D:4)
  4 hobgoblins
  2 quokkas
  2 bats
  4 frilled lizards
  5 goblins
  24 kobolds
  2 rats
744 creatures vanquished.

Vanquished Creatures (collateral kills)
  A two-headed ogre (D:12)
  A black mamba (Lair:4)
  A queen bee (Lair:3)
  2 dream sheep (Lair:4)
  A slime creature (D:13)
  A wraith (D:12)
  An orc wizard (D:14)
8 creatures vanquished.

Vanquished Creatures (others)
  3 bloated husks
  A shadow (D:13)
  A swamp drake (Swamp:4)
  17 foxfires
  36 fungi
  31 plants
89 creatures vanquished.

Grand Total: 841 creatures vanquished

Table legend:
 A = Non-vault XP
 B = Vault XP
 C = Vault XP percentage of total XP
 D = Non-vault monster count
 E = Vault monster count
 F = Vault count percentage of total count
                 A         B        C        D         E       F
            +---------+---------+-------+---------+---------+-------
      Total |  118613 |   70041 |  37.1 |     544 |     209 |  27.8
            +---------+---------+-------+---------+---------+-------
        D:1 |      14 |       0 |   0.0 |       8 |       0 |   0.0
        D:2 |     102 |       0 |   0.0 |      15 |       0 |   0.0
        D:3 |      69 |      27 |  28.1 |      11 |       9 |  45.0
        D:4 |     304 |     353 |  53.7 |      13 |      10 |  43.5
        D:5 |     581 |       0 |   0.0 |      13 |       0 |   0.0
        D:6 |     915 |       0 |   0.0 |      18 |       0 |   0.0
        D:7 |    1380 |     518 |  27.3 |      23 |       6 |  20.7
        D:8 |    1243 |       0 |   0.0 |      21 |       0 |   0.0
        D:9 |    1838 |      53 |   2.8 |      30 |       7 |  18.9
       D:10 |    3384 |    1054 |  23.7 |      16 |       2 |  11.1
       D:11 |    6033 |       0 |   0.0 |      24 |       0 |   0.0
       D:12 |    9569 |       0 |   0.0 |      27 |       0 |   0.0
       D:13 |    4762 |   15786 |  76.8 |      19 |      25 |  56.8
       D:14 |    9909 |    5226 |  34.5 |      26 |      10 |  27.8
       D:15 |    9816 |    4331 |  30.6 |      22 |       6 |  21.4
     Lair:1 |    3180 |       0 |   0.0 |      10 |       0 |   0.0
     Lair:2 |    1391 |    5016 |  78.3 |       6 |       8 |  57.1
     Lair:3 |    7066 |    2584 |  26.8 |      23 |      26 |  53.1
     Lair:4 |   10398 |    1115 |   9.7 |      42 |       7 |  14.3
     Lair:5 |    3291 |       0 |   0.0 |      12 |       0 |   0.0
    Swamp:1 |    5636 |     400 |   6.6 |      12 |       3 |  20.0
    Swamp:2 |   13606 |    3831 |  22.0 |      28 |       7 |  20.0
    Swamp:3 |   17683 |   13348 |  43.0 |      30 |      18 |  37.5
      Orc:1 |    3987 |       0 |   0.0 |      47 |       0 |   0.0
      Orc:2 |    2456 |   16399 |  87.0 |      48 |      65 |  57.5
            +---------+---------+-------+---------+---------+-------

Illustrated notes

Table legend:
 A = Kills in this place as a percentage of kills in entire the game.
 B = Kills by you in this place as a percentage of kills by you in the entire game.
 C = Kills by friends in this place as a percentage of kills by friends in the entire game.
 D = Other kills in this place as a percentage of other kills in the entire game.
 E = Experience gained in this place as a percentage of experience gained in the entire game.
 F = Experience gained in this place divided by the number of levels of this place that you have seen.
                   A       B       C       D       E      F
               +-------+-------+-------+-------+-------+----------------------
         Total | 100.0 | 100.0 | 100.0 | 100.0 | 100.0 | 6987.2
       Dungeon |  47.9 |  48.0 |  50.0 |   0.0 |  41.0 | 5151.1
          Lair |  17.8 |  17.5 |  50.0 |   0.0 |  18.0 | 6808.2
         Swamp |  13.0 |  12.9 |   0.0 | 100.0 |  28.9 | 13626.0
  Orcish Mines |  21.2 |  21.5 |   0.0 |   0.0 |  12.1 | 11421.0
               +-------+-------+-------+-------+-------+----------------------

Table legend: (Time is in decaauts)
 A = Elapsed time spent in this place.
 B = Non-inter-level travel time spent in this place.
 C = Inter-level travel time spent in this place.
 D = Time resting spent in this place.
 E = Time spent auto-exploring this place.
 F = Levels seen in this place.
 G = Mean time per level.
                   A        B        C        D        E       F      G
               +--------+--------+--------+--------+--------+-----+--------+
         Total |  51701 |  46882 |   4819 |   5085 |  35561 |  27 | 1914.9 |
       Dungeon |  31161 |  28441 |   2720 |   2204 |  22536 |  15 | 2077.4 |
        Temple |    277 |    232 |     45 |      0 |    224 |   1 |  277.0 |
          Lair |   9513 |   8359 |   1154 |    109 |   7308 |   5 | 1902.6 |
         Swamp |   7008 |   6627 |    381 |   2161 |   3659 |   4 | 1752.0 |
  Orcish Mines |   3739 |   3222 |    517 |    610 |   1833 |   2 | 1869.5 |
               +--------+--------+--------+--------+--------+-----+--------+

Top non-repeatable levels by time:
    D:13: 4604 daAuts
     D:9: 2683 daAuts
    D:14: 2616 daAuts
   Orc:2: 2596 daAuts
  Lair:2: 2594 daAuts
 Swamp:3: 2567 daAuts
 Swamp:1: 2537 daAuts
    D:15: 2505 daAuts
     D:8: 2478 daAuts
    D:11: 2378 daAuts
  Lair:3: 2310 daAuts
  Lair:4: 2303 daAuts
     D:7: 2124 daAuts
    D:12: 1945 daAuts
    D:10: 1929 daAuts
